 Dungeon Sprint DCSS version 0.30.0-18-gc0e69614cb (webtiles) character file.

Game seed: 15672951510566323009

5688 Groucho the Imperceptible (level 10, -8/55 HPs)
             Began as a Felid Berserker on May 25, 2023.
             Was an Elder of Trog.
             Killed from afar by an electric eel (12 damage)
             ... with a bolt of electricity
             ... in the Dungeon (Sprint II: "The Violet Keep of Menkaure").
             The game lasted 00:12:03 (3090 turns).

Groucho the Imperceptible (Felid Berserker)         Turns: 3090, Time: 00:12:03

Health: -8/55      AC:  2    Str: 13    XL:     10   Next: 47%
Magic:  0/20       EV: 31    Int: 10    God:    Trog [****..]
Gold:   1285       SH:  0    Dex: 19    Spells: 21/21 levels left
                                        Lives:  0   Deaths: 3

rFire   . .          .
                       - Unarmed
rCold   . . .        (shield unavailable)
rNeg    . . .        (body armour unavailable)
rPois   +            (helmet unavailable)
rElec   .            (cloak unavailable)
rCorr   .            (gloves unavailable)
SInv    +            (boots unavailable)
Will    +++..        m - amulet of guardian spirit
Stlth   +++++++++    a - ring of poison resistance
HPRegen 1.29/turn    b - ring of flight
MPRegen 0.17/turn

%: no teleportation, guardian spirit
@: strong-willed, flying, regenerating, quick
A: very small, claws 1, fangs 3, see invisible, speed 1, shaggy fur 2, stealthy
paws, no weapons or thrown items, no armour, multi-lived
a: Renounce Religion, Berserk, Trog's Hand, Brothers in Arms


You were in the Dungeon.
You worshipped Trog.
Trog was greatly pleased with you.
You visited 1 branch You collected 1775 gold pieces.
You spent 490 gold pieces at shops.

Inventory:

Jewellery
 a - a ring of poison resistance (left paw)
 b - a ring of flight (right paw)
 m - an amulet of guardian spirit (around neck)
 n - a +4 ring of protection
Scrolls
 c - 2 scrolls of silence
 f - 3 scrolls of blinking
 i - a scroll of enchant weapon
 j - a scroll of fear {unknown}
 k - a scroll of immolation {unknown}
 q - a scroll of torment {unknown}
 u - a scroll of magic mapping {unknown}
Potions
 d - 5 potions of magic
 e - a potion of berserk rage
 g - a potion of lignification
 l - 2 potions of cancellation
 o - a potion of might
 p - a potion of invisibility
 r - a potion of curing
 s - a potion of attraction
 t - a potion of haste
 v - 2 potions of resistance
 w - a potion of degeneration
 x - 3 potions of flight {unknown}


   Skills:
 + Level 13.0 Fighting
 + Level 16.5 Dodging
 * Level 23.7 Stealth
 + Level 13.0 Unarmed Combat
 * Level 6.2 Spellcasting


You had 21 spell levels left.
You didn't know any spells.
Your spell library was empty.

Dungeon Overview and Level Annotations

Branches:
Dungeon (1/1)

Altars:
Cheibriados
Dithmenos
Elyvilon
Fedhas
Gozag
Hepliaklqana
Kikubaaqudgha
Makhleb
Nemelex Xobeh
Okawaru
Qazlal
Ru
Sif Muna
Trog
Uskayaw
Vehumet
Wu Jian
Xom
Yredelemnul
Zin
The Shining One
Jiyva
Lugonu

Shops:
D ?:!!==(!:[?[(=(

Annotations:
D exclusion: oklob plant, Roxanne


Innate Abilities, Weirdness & Mutations

You have sharp claws.
You have razor-sharp teeth.
You have supernaturally acute eyesight. (SInv)
You cover ground quickly. (Speed+)
You are covered in thick fur. (AC +2)
Your paws help you pounce on unaware monsters.
You are incapable of wielding weapons or throwing items.
You cannot wear armour.
You gain extra lives every three experience levels.


Message History

The electric eel completely resists.
The bolt of electricity hits you! x2
The electric eel shoots out a bolt of lightning at you!
The bolt of electricity hits the electric eel.
The electric eel completely resists.
The bolt of electricity hits the electric eel.
The electric eel completely resists.
The bolt of electricity hits you! The bolt of electricity misses you.
The electric eel shoots out a bolt of lightning at you!
The bolt of electricity hits the electric eel.
The electric eel completely resists.
The bolt of electricity hits you! x2
* * * LOW HITPOINT WARNING * * *
There is an open door here.
You closely miss the electric eel.
The electric eel shoots out a bolt of lightning at you!
The bolt of electricity hits the electric eel.
The electric eel completely resists.
The bolt of electricity hits you.
* * * LOW HITPOINT WARNING * * *
The bolt of electricity misses you.
The bolt of electricity hits the electric eel.
The electric eel completely resists.
The electric eel shoots out a bolt of lightning at you!
The bolt of electricity hits you!
* * * LOW HITPOINT WARNING * * *
The bolt of electricity misses you.
The bolt of electricity hits the electric eel.
The electric eel completely resists.
The bolt of electricity hits the electric eel.
The electric eel completely resists.
Unknown command.
The electric eel shoots out a bolt of lightning at you!
The bolt of electricity hits the electric eel.
The electric eel completely resists.
The bolt of electricity misses you. x2
The electric eel shoots out a bolt of lightning at you!
The bolt of electricity hits the electric eel.
The electric eel completely resists.
The bolt of electricity hits the electric eel.
The electric eel completely resists.
The bolt of electricity hits you.
* * * LOW HITPOINT WARNING * * *
The bolt of electricity hits you!
You die...

~~°~~§§~≈§≈§~~~#._._._..#~§§≈§≈#.
°#'°°#§§≈≈≈≈≈≈~#_._._._.#~§§~§§§.
°.≈○≈##≈§≈###≈§#._._._._#~~~§§§#.
≈.○≈°≈##≈≈#|#≈≈#_._._._.#~§§§§§▓.
°§°§○○○'≈≈#'#§≈#..._._._#§§≈§▓▓▓▓
§≈○°.≈##≈≈≈≈≈≈≈##########§§§≈▓z..
○°° ##########~~~~~~~~~≈§≈≈▓zzz
## #≈≈≈§≈§S###~########≈▓▓▓▓▓▓▓
#≈§§§§§§SS##@# #▓▓
+≈≈≈§§§§§SSS'~# ##≈§§§§§§SS####
##≈§≈§§≈≈## ######### +3 #


You could see 8 electric eels.

Vanquished Creatures
  A kraken (D)
  2 sphinxes (D)
  An iron elemental (D)
  2 deep trolls (D)
  A yaktaur (D)
  3 polar bears (D)
  A hornet (D)
  A blink frog (D)
  9 flying skulls (D)
  2 wyverns (D)
  2 redbacks (D)
  3 neqoxecs (D)
  4 water moccasins (D)
  A swamp drake (D)
  4 scorpions (D)
  An electric eel (D)
  3 worms (D)
  2 tentacles (D)
43 creatures vanquished.

Vanquished Creatures (collateral kills)
  2 death drakes (D)
  3 flying skulls (D)
  A swamp drake (D)
  2 tentacles (D)
8 creatures vanquished.

Vanquished Creatures (others)
  A neqoxec (D)
  Menkaure (D)
  A water moccasin (D)
  3 tentacles (D)
6 creatures vanquished.

Grand Total: 57 creatures vanquished

Notes
Turn   | Place    | Note
-------+----------+-------------------------------------------
     0 | D        | Groucho the Felid Berserker began the quest for the Orb.
     0 | D        | Reached XP level 1. HP: 10/10 MP: 2/2
     1 | D        | Noticed a scorpion
     1 | D        | Noticed a scorpion
     7 | D        | Killed a scorpion
     8 | D        | Reached skill level 5 in Dodging
     8 | D        | Reached skill level 6 in Stealth
     8 | D        | Reached XP level 2. HP: 15/15 MP: 3/3
     8 | D        | Reached XP level 3. HP: 18/18 MP: 4/4
     8 | D        | Killed a scorpion
     9 | D        | Reached skill level 5 in Fighting
     9 | D        | Reached skill level 8 in Stealth
     9 | D        | Reached skill level 5 in Unarmed Combat
     9 | D        | Reached XP level 4. HP: 23/23 MP: 5/5
    14 | D        | Noticed a scorpion
    14 | D        | Noticed a scorpion
    28 | D        | Killed a scorpion
    28 | D        | Reached ** piety under Trog
    29 | D        | Reached skill level 9 in Stealth
    29 | D        | Reached XP level 5. HP: 10/27 MP: 6/6
   252 | D        | Killed Menkaure
   344 | D        | Reached skill level 10 in Stealth
   361 | D        | Identified Roxanne's Treatise on Changes
   361 | D        | Noticed Roxanne
   364 | D        | Reached *** piety under Trog
   373 | D        | Noticed a wyvern
   373 | D        | Noticed a wyvern
   377 | D        | HP: 2/40 [wyvern (17)]
   379 | D        | Killed a wyvern
   380 | D        | Reached skill level 12 in Stealth
   380 | D        | Gained mutation: You are covered in thick fur. (AC +2)
                  | [Felid growth]
   380 | D        | Reached XP level 6. HP: 5/33 MP: 7/7
   414 | D        | Killed a water moccasin
   635 | D        | Killed a wyvern
   636 | D        | Reached skill level 13 in Stealth
   636 | D        | Reached XP level 7. HP: 36/36 MP: 8/8
   648 | D        | Noticed a neqoxec
   651 | D        | Killed a neqoxec
   652 | D        | Reached skill level 10 in Dodging
   652 | D        | Reached skill level 14 in Stealth
   652 | D        | Noticed a neqoxec
   652 | D        | Noticed a flying skull
   652 | D        | Noticed a flying skull
   652 | D        | Noticed a flying skull
   652 | D        | Noticed a flying skull
   652 | D        | Noticed a flying skull
   653 | D        | Noticed a flying skull
   653 | D        | Noticed a neqoxec
   661 | D        | Killed a neqoxec
   665 | D        | Killed a flying skull
   665 | D        | Reached **** piety under Trog
   666 | D        | Reached skill level 15 in Stealth
   754 | D        | Killed a neqoxec
   861 | D        | Noticed a flying skull
   876 | D        | Noticed a flying skull
   876 | D        | Noticed a flying skull
   876 | D        | Noticed a flying skull
   887 | D        | Found Nicrufuo's Antique Weapon Shoppe.
   887 | D        | Found Zyakeph's Antique Weapon Shoppe.
   887 | D        | Found Nethraist's Antique Armour Emporium.
   888 | D        | Found Vopp's Jewellery Emporium.
   888 | D        | Found Cemued's Antique Armour Shoppe.
   888 | D        | Found Qogro's Book Emporium.
   888 | D        | Found Nynwiuju's Distillery.
   889 | D        | Found Yttuzxec's Weapon Emporium.
   889 | D        | Found Yzxihauk's Jewellery Shoppe.
   889 | D        | Found Byutounn's Jewellery Shoppe.
   889 | D        | Noticed an unseen horror
   890 | D        | Found Uwano's Magic Scroll Emporium.
   894 | D        | Found Fiw Tent's Distillery.
   894 | D        | Found Edoll's Distillery.
   894 | D        | Noticed an unseen horror
   894 | D        | Noticed an oklob plant
   895 | D        | Found Eshruk's Magic Scroll Shoppe.
   895 | D        | Found Yffidiuri's Book Shoppe.
   896 | D        | Noticed a wyvern
   896 | D        | Noticed a wyvern
   897 | D        | Noticed a wyvern
   900 | D        | Bought a ring of poison resistance for 280 gold pieces
   914 | D        | Reached XP level 8. HP: 41/41 MP: 9/9
   947 | D        | Bought a ring of flight for 210 gold pieces
   975 | D        | Found a stormy altar of Qazlal.
   975 | D        | Found an ornate altar of the Wu Jian Council.
   975 | D        | Noticed a flying skull
   976 | D        | Found a hazy altar of Hepliaklqana.
   976 | D        | Found a sacrificial altar of Ru.
   976 | D        | Found a shimmering altar of Xom.
   985 | D        | Found a glowing golden altar of the Shining One.
   986 | D        | Noticed a flying skull
   996 | D        | Found a basalt altar of Yredelemnul.
   996 | D        | Found a shimmering blue altar of Sif Muna.
   996 | D        | Found a viscous altar of Jiyva.
   997 | D        | Found a glowing silver altar of Zin.
   997 | D        | Found a bloodstained altar of Trog.
   997 | D        | Found an ancient bone altar of Kikubaaqudgha.
   997 | D        | Found a snail-covered altar of Cheibriados.
   998 | D        | Found a hide-covered altar of Uskayaw.
   998 | D        | Found a corrupted altar of Lugonu.
   998 | D        | Found a shadowy altar of Dithmenos.
   999 | D        | Found a radiant altar of Vehumet.
   999 | D        | Found a burning altar of Makhleb.
   999 | D        | Found a white marble altar of Elyvilon.
  1005 | D        | Noticed a polar bear
  1256 | D        | Found a blossoming altar of Fedhas.
  1257 | D        | Found an opulent altar of Gozag.
  1258 | D        | Noticed a yaktaur
  1258 | D        | Noticed a hornet
  1259 | D        | Noticed a polar bear
  1259 | D        | Noticed a polar bear
  1260 | D        | Killed a polar bear
  1261 | D        | Reached skill level 16 in Stealth
  1261 | D        | Killed a polar bear
  1263 | D        | Killed a polar bear
  1263 | D        | Reached ***** piety under Trog
  1264 | D        | Reached skill level 17 in Stealth
  1264 | D        | Killed a hornet
  1265 | D        | Reached XP level 9. HP: 31/46 MP: 10/10
  1266 | D        | Killed a yaktaur
  1267 | D        | Reached skill level 10 in Fighting
  1267 | D        | Reached skill level 18 in Stealth
  1741 | D        | Noticed a death drake
  1776 | D        | Reached skill level 10 in Unarmed Combat
  1997 | D        | Killed a death drake
  1998 | D        | Reached skill level 19 in Stealth
  1998 | D        | Noticed a death drake
  1999 | D        | Engulfed by a cloud of steam
  2000 | D        | Reached XP level 8. HP: 1/43 MP: 9/9
  2004 | D        | Killed a death drake
  2005 | D        | Reached XP level 9. HP: 47/47 MP: 10/10
  2018 | D        | Reached skill level 20 in Stealth
  2070 | D        | Reached skill level 21 in Stealth
  2117 | D        | Reached XP level 10. HP: 53/53 MP: 11/11
  2152 | D        | Reached skill level 15 in Dodging
  2177 | D        | Noticed an iron elemental
  2179 | D        | Killed an iron elemental
  2195 | D        | Reached skill level 22 in Stealth
  2202 | D        | Noticed a deep elf master archer
  2211 | D        | HP: 3/79 [deep elf master archer/arrow (20)]
  2212 | D        | Shot with an arrow by a deep elf master archer
  2213 | D        | Reached XP level 9. HP: -27/73 MP: 10/10
  2233 | D        | Noticed a crystal guardian
  2237 | D        | Slain by a crystal guardian
  2238 | D        | Reached XP level 8. HP: -5/45 MP: 9/9
  2238 | D        | Found the +5 demon whip "Spellbinder" {antimagic, disrupt,
                  | Will+}
  2241 | D        | Noticed a kraken
  2395 | D        | Killed a kraken
  2396 | D        | Reached XP level 9. HP: 38/49 MP: 8/14
  2590 | D        | Found a sparkling altar of Nemelex Xobeh.
  2591 | D        | Found an iron altar of Okawaru.
  2608 | D        | Noticed a deep troll
  2608 | D        | Noticed a deep troll
  2611 | D        | Killed a deep troll
  2612 | D        | Killed a deep troll
  2613 | D        | Reached skill level 23 in Stealth
  2633 | D        | Noticed a sphinx
  2634 | D        | Noticed a sphinx
  2636 | D        | Killed a sphinx
  2637 | D        | Reached skill level 5 in Spellcasting
  2637 | D        | Reached XP level 10. HP: 54/54 MP: 16/19
  2637 | D        | Killed a sphinx
  2793 | D        | Noticed a sixfirhy
  3090 | D        | Killed from afar by an electric eel

Illustrated notes

Levels and vault maps discovered:
D:        the_violet_keep_of_menkaure [sprint2_stairs_cluster_1,
          sprint2_shoproom, sprint2_temple, sprint2_basic_supplies,
          sprint2_obstacle_1, sprint2_obstacle_7, sprint2_obstacle_6,
          sprint2_obstacle_2, sprint2_obstacle_3, sprint2_timed_cluster_1,
          sprint2_smallroom_cluster_1, sprint2_smallroom_final_cluster_1,
          sprint2_transparent_cluster_1, sprint2_second_timed_cluster_1,
          sprint2_sniper_area_1, sprint2_heavy_combat_area_1,
          sprint2_mutation_trap_area_1, sprint2_forest_area_1,
          sprint2_light_combat_area_1, sprint2_behind_water_1,
          sprint2_near_end_vault_1]

Skill      XL: |  1  2  3  4  5  6  7  8  9 10 |
---------------+-------------------------------+-----
Fighting       | 4 5 7 8 9 11 13 | 13.0
Dodging        | 5 6 7 9 11 12 16 15 | 16.5
Stealth        | 6 8 9 12 13 15 17 23 22 | 23.7
Unarmed Combat | 4 5 7 8 9 11 13 | 13.0
Spellcasting   | 3 5 6 |  6.2

Action                     |  1- 3 |  4- 6 |  7- 9 | 10-12 || total
---------------------------+-------+-------+-------+-------++-------
  Melee: Unarmed           |     4 |    17 |   105 |    21 ||   147
         Punch             |     1 |     1 |     6 |     3 ||    11
         Bite              |     1 |     1 |    10 |     2 ||    14
 Invoke: Berserk           |     1 |     1 |     1 |     1 ||     4
         Trog's Hand       |       |     1 |     3 |     2 ||     6
         Brothers in Arms  |       |       |     8 |     1 ||     9
    Use: Potion            |     1 |     2 |       |     1 ||     4
         Scroll            |       |       |       |     8 ||     8
   Stab: Sleeping          |       |     5 |    10 |     4 ||    19
 Armour: Skin              |       |       |     3 |       ||     3
  Dodge: Dodged            |     3 |    17 |    92 |    41 ||   153
